[Event "*** Titled Tuesday Blitz"]
[Site "Chess.com"]
[Date "2020.04.28"]
[Round "8"]
[White "mirceaparligras"]
[Black "FranciscodelaF"]
[Result "1-0"]
[WhiteElo "2677"]
[BlackElo "2412"]
[TimeControl "180+1"]
[EndTime "11:36:17 PDT"]
[Termination "mirceaparligras won by resignation"]

1. d4 d5 2. c4 e6 3. Nf3 Nf6 4. Nc3 Be7 5. Bf4 O-O 6. e3 b6 7. cxd5 Nxd5 8. Nxd5 Qxd5 9. Bd3 Qa5+ 10. Nd2 Ba6 11.
Bxa6 Nxa6 12. O-O c5 13. dxc5 Rad8 14. e4 e5 15. Be3 Bxc5 16. Bg5 h6 17. Bxd8 Rxd8 18.
Nc4 Rxd1 19. Nxa5 Rxa1 20. Rxa1 bxa5 21. Rc1 Kf8 22. Kf1 Ke7 23. Ke2 Kd7 24. a3 Bd4 25. Rc2 Nc5 26. f3 a4 27. Rc4 a5 28. Kd2 Kc6 29.
Rc2 Kb5 30. Ke2 Bg1 31. h3 h5 32. Kf1 Bd4 33. Ke2 h4 34. Kd2 g5 35. Ke2 Nb3 36.
Kd3 Bc5 37. Kc3 Bd4+ 38. Kd3 Nc5+ 39. Kd2 Nd7 40. Kc1 Nc5 41. Kd2 Nd7 42. Kc1 Be3+ 43. Kd1 Nc5 44. Rc3 Bd4 45. Rc2 Nd3 46. Rc7 Bxb2 47. Kc2 Kb6 48. Rxf7 Bxa3 49. Kxd3 Bd6 50. Kc2 a3 51. Kb3 a4+ 52. Ka2 Kc5 53. Rg7 Kd4 54.
Rxg5 Bb4 55. g3 Be1 56. gxh4 Bxh4 57. Rg4 Be7 58. h4 Ke3 59. h5 Kxf3 60. Rg6 Bf8 61. Rf6+ 1-0

[Event "*** Titled Tuesday Blitz"]
[Site "Chess.com"]
[Date "2020.04.28"]
[Round "8"]
[White "GMartin_Petrov"]
[Black "LucaBrasi1968"]
[Result "1-0"]
[WhiteElo "2668"]
[BlackElo "2466"]
[TimeControl "180+1"]
[EndTime "11:36:20 PDT"]
[Termination "GMartin_Petrov won by resignation"]

1. c4 c6 2. Nf3 d5 3. e3 Nf6 4. b3 Bf5 5. Bb2 e6 6. Be2 h6 7. O-O Bd6 8. d3 O-O 9. Nbd2 Qe7 10.
Re1 Bh7 11. Bf1 Nbd7 12. cxd5 cxd5 13. e4 dxe4 14. dxe4 Bc5 15. h3 Rfd8 16. Rc1 Rac8 17. Qe2 Bb4 18. Qb5 Nb8 19. Rxc8 Rxc8 20. Rc1 Rxc1 21.
Bxc1 Nc6 22. Qd3 Qd6 23. Qc2 Qd8 24. Bb2 Be7 25. Qc4 Bg6 26. Qa4 a6 27. Bxa6 bxa6 28. Qxc6 Qa5 29. a4 Qb4 30. Bc3 Qa3 31. Qc8+ Kh7 32.
Bd4 Qa2 33. Qxa6 Nxe4 34. Nxe4 Bxe4 35. Qc4 Bd5 36. Qc3 Qxb3 37. Bxg7 Qxc3 38. Bxc3 Bc5 39.
Ne5 f6 40. Nd7 Bd6 41. Nxf6+ Kg6 42. Nxd5 exd5 43. Kf1 Kf5 44. Ke2 Ke4 45. f3+ Kf5 46. Bd2 h5 47. g4+ hxg4 48. hxg4+ Ke6 49. Kd3 Bc5 50. a5 Kd6 51. a6 Kc6 52. g5 Kb6 53. g6 Bf8 54. Bc3 Kxa6 55. g7 Bxg7 56. Bxg7 Kb5 57. Kd4 1-0

[Event "*** Titled Tuesday Blitz"]
[Site "Chess.com"]
[Date "2020.04.28"]
[Round "8"]
[White "Petrosyan_Tigran"]
[Black "WinningButNotReally"]
[Result "1-0"]
[WhiteElo "2573"]
[BlackElo "2422"]
[TimeControl "180+1"]
[EndTime "11:36:21 PDT"]
[Termination "Petrosyan_Tigran won by resignation"]

1. Nf3 Nf6 2. c4 g6 3. Nc3 d5 4. cxd5 Nxd5 5. Qb3 Nb6 6. d4 Bg7 7. Bf4 c6 8. e3 Be6 9. Qa3 O-O 10. Be2 h6 11. O-O Nc4 12. Qa4 b5 13. Qc2 Nd7 14. Rfd1 Ndb6 15. b3 Nd6 16. Rac1 Nd5 17. Nxd5 cxd5 18. Bxd6 Qxd6 19. Bxb5 Rfc8 20. Qb2 Rab8 21.
Be2 a5 22. Rxc8+ Bxc8 23. Qc3 a4 24. bxa4 Ba6 25. Bxa6 Qxa6 26. Qc7 Qb7 27. Qxb7 Rxb7 28. Kf1 Rb2 29. Rd2 Rb4 30. Rc2 Rxa4 31. Ke2 e6 32. Nd2 Bf8 33. Nb3 Kg7 34. Nc5 Ra7 35. Kd2 Kf6 36.
Kc1 Bd6 37. g3 e5 38. dxe5+ Kxe5 39. Nb3 Ba3+ 40. Kd2 Bb4+ 41. Ke2 f5 42. Nd4 Rb7 43. Nc6+ Kd6 44. Nxb4 Rxb4 45. a3 Ra4 46. Ra2 Ke5 47.
Kd3 d4 48. exd4+ Rxd4+ 49. Kc3 Ra4 50. Kb3 Ra8 51. f3 Kf6 52. a4 Rb8+ 53. Kc4 Rc8+ 54. Kd5 Rd8+ 55. Kc6 Rc8+ 56. Kd7 Rc1 57. a5 Rd1+ 58.
Kc6 Rc1+ 59. Kd5 Rd1+ 60. Kc4 Rc1+ 61. Kb4 Rb1+ 62. Ka4 Ke6 63. a6 Rb8 64. a7 Ra8 65.
Kb5 Kd7 66. Kb6 Kc8 67. Rc2+ Kd7 68. Kb7 Rxa7+ 69. Kxa7 1-0

[Event "*** Titled Tuesday Blitz"]
[Site "Chess.com"]
[Date "2020.04.28"]
[Round "8"]
[White "nfds"]
[Black "BikingBrian"]
[Result "1-0"]
[WhiteElo "2501"]
[BlackElo "2325"]
[TimeControl "180+1"]
[EndTime "11:36:22 PDT"]
[Termination "nfds won by resignation"]

1. b3 d5 2. Bb2 Bg4 3. h3 Bh5 4. Nf3 Bxf3 5. exf3 Nd7 6. f4 Ngf6 7. g3 e6 8. Bg2 Bd6 9. O-O O-O 10. d3 c6 11. Nd2 e5 12. fxe5 Bxe5 13. d4 Bd6 14. c4 Re8 15. Rc1 Rc8 16. a3 b5 17. Qf3 bxc4 18.
bxc4 Rb8 19. Rc2 Nf8 20. cxd5 cxd5 21. Qd3 Ne6 22. Rfc1 Qd7 23. Ba1 Rec8 24. Qa6 Rxc2 25. Rxc2 Qe7 26. Bb2 Ng5 27. h4 Nge4 28. Nxe4 Nxe4 29.
Rc8+ Rxc8 30. Qxc8+ Qf8 31. Qb7 Qe7 32. Qa8+ Qf8 33. Qxd5 Nf6 34. Qb7 Bxa3 35. Bxa3 Qxa3 36. Qa8+ Qf8 37. Qxa7 h6 38. d5 Qd6 39. Qa8+ Kh7 40. Qc6 Qxc6 41. dxc6 Ne8 42. h5 g6 43. Be4 Kg7 44.
hxg6 fxg6 45. Kg2 Kf6 46. Kf3 Nc7 47. Bc2 g5 48. Kg4 Kg7 49. Kf5 Nd5 50. Ke6 Nb4 51. c7 Nc6 52. c8=Q Nd4+ 53. Ke5 Nxc2 54. Qxc2 h5 55.
Qf5 h4 56. Qxg5+ Kf7 57. Qxh4 Ke8 58. g4 Kf7 59. g5 1-0

[Event "*** Titled Tuesday Blitz"]
[Site "Chess.com"]
[Date "2020.04.28"]
[Round "8"]
[White "ALEXJR20"]
[Black "crossingthestreet"]
[Result "1-0"]
[WhiteElo "2214"]
[BlackElo "2294"]
[TimeControl "180+1"]
[EndTime "11:36:22 PDT"]
[Termination "ALEXJR20 won by resignation"]

1. d4 e6 2. Nf3 Nf6 3. c4 d5 4. g3 Be7 5. Bg2 O-O 6. O-O dxc4 7. Qc2 a6 8. a4 Bd7 9. Qxc4 Bc6 10. Nc3 Ne4 11. Rd1 Nxc3 12. bxc3 Nd7 13. Bf4 Rc8 14. Qd3 Nf6 15. Ne5 Bxg2 16. Kxg2 c6 17. e4 Bd6 18.
a5 Bc7 19. Nc4 Bxf4 20. gxf4 c5 21. Rab1 cxd4 22. cxd4 Qc7 23. Nb6 Rcd8 24. Rbc1 Qxf4 25. f3 Qh4 26. d5 Nh5 27. Qe3 Nf4+ 28. Kh1 exd5 29.
Nxd5 Nxd5 30. Rxd5 Rde8 31. Rg1 Kh8 32. Qd4 f6 33. Rd7 Rg8 34. Rxb7 Rd8 35. Rbxg7 Rdf8 36. Rxg8+ Rxg8 37. Rxg8+ Kxg8 38. Qd8+ Kg7 39. Qc7+ Kg6 40. Qg3+ Qxg3 41. hxg3 f5 42. Kh2 fxe4 43. fxe4 Kg5 44. Kg2 Kg4 45. Kf2 h6 46. Kg2 h5 47. Kf2 Kg5 48.
Kf3 Kf6 49. Kf4 Ke6 50. Kg5 Ke5 51. Kxh5 Kxe4 52. g4 Kd5 53. g5 Kc5 54. g6 Kb5 55.
g7 Kxa5 56. g8=Q Kb4 57. Qa2 a5 58. Kg5 a4 59. Kf5 a3 60. Ke4 Ka4 61. Kd4 Kb4 62. Kd3 Ka4 63. Kc3 Ka5 64. Qxa3+ Kb6 65. Qb4+ Kc7 66.
Qc4+ Kd7 67. Kd4 Ke7 68. Qd5 Kf6 69. Qe5+ Kg6 70. Kd5 1-0

[Event "*** Titled Tuesday Blitz"]
[Site "Chess.com"]
[Date "2020.04.28"]
[Round "8"]
[White "Tesla37"]
[Black "Jumbo"]
[Result "0-1"]
[WhiteElo "2873"]
[BlackElo "2773"]
[TimeControl "180+1"]
[EndTime "11:36:23 PDT"]
[Termination "Jumbo won by resignation"]

1. e4 e5 2. Nf3 Nc6 3. Bb5 a6 4. Ba4 d6 5. c3 Bd7 6. d4 g6 7. Bg5 f6 8. Be3 Bg7 9. O-O Nh6 10. c4 O-O 11. Nc3 Nf7 12. Qd2 Bg4 13. Bxc6 bxc6 14. Ne1 exd4 15. Bxd4 c5 16. Be3 Be6 17. b3 f5 18.
exf5 Bxf5 19. Rd1 Ne5 20. f3 Kh8 21. Bh6 Qd7 22. Bxg7+ Qxg7 23. Nc2 Nc6 24. Ne3 Be6 25. Ne4 Rae8 26. Rfe1 h6 27. Nd5 Kh7 28. Nec3 Nd4 29. Re4 Bxd5 30. cxd5 Rxe4 31. fxe4 Qf6 32. Re1 Kg7 33.
h3 h5 34. Nd1 Qe5 35. Re3 h4 36. Nf2 Qg5 37. Ng4 Rf3 38. Qe1 Rxe3 39. Qxe3 Qxe3+ 40. Nxe3 Kf6 41. Nc4 Ne2+ 42. Kf2 Nc3 43. Ke3 Nxa2 44. Kd2 Nb4 45. Kc3 Kg5 46. Ne3 Kf4 47. Ng4 Kxe4 48. Kc4 Nxd5 49. Nf2+ Ke5 50. Ng4+ Ke6 51. Nf2 Nf4 0-1

[Event "*** Titled Tuesday Blitz"]
[Site "Chess.com"]
[Date "2020.04.28"]
[Round "8"]
[White "jucAxx"]
[Black "talaicito"]
[Result "1/2-1/2"]
[WhiteElo "2113"]
[BlackElo "2270"]
[TimeControl "180+1"]
[EndTime "11:36:23 PDT"]
[Termination "Game drawn by stalemate"]

1. e4 e6 2. Nf3 d5 3. e5 c5 4. b4 b6 5. bxc5 bxc5 6. d4 Nc6 7. c3 Qb6 8. Bd3 Ba6 9. O-O Bxd3 10. Qxd3 Nge7 11. Bg5 Nf5 12. g4 c4 13. Qd1 Nfe7 14.
Nbd2 h6 15. Bh4 Ng6 16. Bg3 Qa5 17. Qc2 Ba3 18. Rab1 O-O 19. h4 Rab8 20. h5 Nge7 21. Nh4 Rxb1 22. Rxb1 Rb8 23. Rxb8+ Nxb8 24. f4 Qb6 25. f5 Qb2 26. Qxb2 Bxb2 27. Nb1 Nec6 28. fxe6 fxe6 29. Ng6 Na6 30. Bh4 Kf7 31. Kf2 Nc7 32. Ke2 Nb5 33. Be1 Ncxd4+ 34. cxd4 Nxd4+ 35. Kf2 Nc6 36. Bc3 Bc1 37. Bd2 Bxd2 38. Nxd2 c3 39. Nb3 a5 40. Ke2 a4 41. Nc1 d4 42. Kd3 Ke8 43. Kc4 Kd7 44. Kc5 Kc7 45. a3 Kd7 46. Nd3 c2 47. Nc1 Kc7 48. Nd3 Na5 49. Kxd4 Nb3+ 50.
Kc4 c1=Q+ 51. Nxc1 Nxc1 52. Kb4 Nd3+ 53. Kxa4 Nf2 54.
Nf8 Nxg4 55. Nxe6+ Kb6 56. Nxg7 Nxe5 57. Nf5 Nf7 58.
Kb4 Ka6 59. a4 Kb6 60. a5+ Ka6 61. Ka4 Kb7 62. Kb5 Ka7 63. a6 Kb8 64. Kb6 Ka8 65. a7 Nd6 66. Nxd6 1/2-1/2

[Event "*** Titled Tuesday Blitz"]
[Site "Chess.com"]
[Date "2020.04.28"]
[Round "8"]
[White "Trickov"]
[Black "MPGM"]
[Result "1/2-1/2"]
[WhiteElo "2277"]
[BlackElo "2492"]
[TimeControl "180+1"]
[EndTime "11:36:24 PDT"]
[Termination "Game drawn by agreement"]

1. d4 Nf6 2. Nf3 e6 3. g3 c5 4. Bg2 cxd4 5. O-O Be7 6. Nxd4 O-O 7. c4 Nc6 8. Nc3 a6 9. b3 Qc7 10. Bb2 b6 11. Rc1 Bb7 12. Nd5 exd5 13. cxd5 Bc5 14. dxc6 dxc6 15. b4 Bxd4 16. Qxd4 Rad8 17. Qc4 Qe7 18.
Rfd1 Nd5 19. a3 Rfe8 20. e3 h6 21. Qd4 Qg5 22. Bxd5 Rxd5 23. Qxb6 Re7 24. Rxd5 Qxd5 25. Qd4 f6 26. Qxd5+ cxd5 27. Bd4 Kf7 28. Rc5 Ke6 29.
f3 Rd7 30. a4 Kd6 31. b5 axb5 32. axb5 Rc7 33. Rxc7 Kxc7 34. g4 Kd6 35. Kf2 Ke6 36. h4 g6 37. h5 gxh5 38. gxh5 Bc8 39. Kg3 Bd7 40. b6 Bc6 41. Kf4 Bb7 42. Kg4 Bc6 43.
f4 f5+ 44. Kh4 Kf7 45. Be5 Bb7 46. Kg3 Bc6 47. Kf2 Ke7 48. Ke1 Kd8 49. Bg7 Be8 50.
Bxh6 Bxh5 51. Bg7 Kc8 52. Kf2 Kb7 53. Bd4 Bd1 54. Kg3 Bc2 55. Kh4 Be4 56. Kg5 Kc6 57. Kf6 Kb7 58. Ke6 Kc6 59. Ke7 Kb7 60. Kd7 Bf3 61. Kd6 Be4 62. Ke6 Kc6 63. Ke7 Kb7 1/2-1/2

[Event "*** Titled Tuesday Blitz"]
[Site "Chess.com"]
[Date "2020.04.28"]
[Round "8"]
[White "Warerman"]
[Black "Kosche007"]
[Result "0-1"]
[WhiteElo "2442"]
[BlackElo "2317"]
[TimeControl "180+1"]
[EndTime "11:36:25 PDT"]
[Termination "Kosche007 won by checkmate"]

1. d4 Nf6 2. c4 g6 3. Nc3 Bg7 4. Nf3 O-O 5. e4 d6 6. Be2 e5 7. O-O Nc6 8. d5 Ne7 9. Ne1 Nd7 10. Nd3 f5 11. Bd2 Nb6 12. c5 fxe4 13. cxb6 exd3 14. bxc7 Qxc7 15. Bxd3 Nf5 16. Rc1 Qb6 17. Nb5 Rf7 18.
Qc2 Bd7 19. Qb3 Bxb5 20. Qxb5 Qxb5 21. Bxb5 Nd4 22. a4 Nb3 23. Rcd1 Nxd2 24. Rxd2 Rc8 25.
g3 Bh6 26. Re2 Rfc7 27. Bd3 a6 28. h4 Bg7 29. Kg2 Bf6 30. h5 Kg7 31. hxg6 hxg6 32.
Rh1 Rc1 33. Rxc1 Rxc1 34. Re4 Rc5 35. Rg4 g5 36. Be4 Kf7 37. f4 gxf4 38. gxf4 exf4 39. Rxf4 Ke7 40. Rf2 Rc4 41. Re2 Be5 42. Bc2 Kf6 43. b3 Rc3 44. Kf1 Kg5 45. Ke1 Kf4 46. Re4+ Kf3 47.
Re2 b5 48. Kd1 bxa4 49. bxa4 Ra3 50. Kd2 Bf4+ 51. Ke1 Ra1+ 52. Bd1 Bg3+ 53. Kf1 Rxd1+ 54. Re1 Rxe1# 0-1

[Event "*** Titled Tuesday Blitz"]
[Site "Chess.com"]
[Date "2020.04.28"]
[Round "8"]
[White "EugeneRougon"]
[Black "GMHess"]
[Result "0-1"]
[WhiteElo "2775"]
[BlackElo "2899"]
[TimeControl "180+1"]
[EndTime "11:36:26 PDT"]
[Termination "GMHess won by resignation"]

1. e4 d6 2. d4 Nf6 3. Nc3 c6 4. Nf3 Bg4 5. Be2 Qc7 6. O-O e5 7. Be3 Nbd7 8. a4 Be7 9. h3 Bh5 10. Nh4 Bxe2 11. Qxe2 Nxe4 12. Nxe4 Bxh4 13. dxe5 Nxe5 14.
f4 Ng6 15. f5 Ne5 16. Bd4 Bf6 17. Rad1 Rd8 18. Kh1 O-O 19. Nxf6+ gxf6 20. Qh5 Kh8 21. Rf4 Rg8 22. Rh4 Rg7 23. Re1 c5 24. Bc3 Qc6 25. Re2 Qd5 26. Qh6 Qd1+ 27. Re1 Qxc2 28. Rg1 Qxf5 29. Rf4 Qg6 30. Rxf6 Qxh6 31. Rxh6 Rg6 32.
Rh5 f6 33. Rf1 Kg7 34. g4 Rg5 35. Rxg5+ fxg5 36. Rf5 Kg6 37. Bxe5 dxe5 38. Rxe5 b6 39. Re7 Rd1+ 40. Kg2 Rd2+ 41. Kg3 Rxb2 42. Rxa7 h6 43. Rb7 Rb3+ 44. Kg2 Rb4 45. Rb8 Kf6 46. Ra8 Ke5 47. a5 bxa5 48. Rxa5 Kd4 49. Ra6 c4 50. Rd6+ Kc5 51. Rxh6 c3 52. Rg6 c2 53. Rxg5+ Kd4 0-1

[Event "*** Titled Tuesday Blitz"]
[Site "Chess.com"]
[Date "2020.04.28"]
[Round "8"]
[White "StegariuVlad"]
[Black "JonahWillow"]
[Result "0-1"]
[WhiteElo "2531"]
[BlackElo "2704"]
[TimeControl "180+1"]
[EndTime "11:36:26 PDT"]
[Termination "JonahWillow won by resignation"]

1. e4 c5 2. Nf3 Nc6 3. d4 cxd4 4.
Nxd4 g6 5. Nc3 Bg7 6. Be3 Nf6 7.
Bc4 O-O 8. f3 d6 9. Qd2 Bd7 10. h4 Nxd4 11. Bxd4 b5 12. Bb3 a5 13. a4 bxa4 14. Bxa4 h5 15. Bb3 a4 16. Bxa4 Bxa4 17.
Rxa4 Qd7 18. Rxa8 Rxa8 19. O-O Qb7 20. b3 Rc8 21. Nd5 Nxd5 22. Bxg7 Kxg7 23. exd5 Rc5 24. Rd1 f6 25. Qe3 Kf7 26. c4 Qc8 27. Re1 Rc7 28. Rc1 Rb7 29. Kh2 Qf5 30. Re1 Qe5+ 31. Qxe5 fxe5 32. Rb1 e6 33. dxe6+ Kxe6 34. Kg3 d5 35.
cxd5+ Kxd5 36. Kf2 Kd4 37. Ke2 Rb4 38. Rd1+ Kc5 39. Rd3 Rxh4 40. Ke3 Rb4 41. Rc3+ Kd5 42. Rd3+ Ke6 43. Kd2 Rb8 44. Kc3 Rc8+ 45. Kb2 g5 46. b4 g4 47. fxg4 hxg4 48. Kb3 Kf5 49. b5 e4 50. Rc3 Rb8 51. Kb4 Re8 52. Rc2 e3 53. Re2 Ke4 54. Kc4 Rc8+ 55. Kb3 Kd3 56. Re1 e2 57. Ra1 Kd2 58. Ra2+ Ke3 59. Ra1 Kf2 60. Ra2 Kf1 61. g3 0-1

[Event "*** Titled Tuesday Blitz"]
[Site "Chess.com"]
[Date "2020.04.28"]
[Round "8"]
[White "RodinMihail"]
[Black "TheNomNomFactor"]
[Result "0-1"]
[WhiteElo "2519"]
[BlackElo "2411"]
[TimeControl "180+1"]
[EndTime "11:36:26 PDT"]
[Termination "TheNomNomFactor won by resignation"]

1. e4 e5 2. Nf3 Nc6 3. Nc3 Nf6 4. d4 exd4 5. Nxd4 Bb4 6. Nxc6 bxc6 7. Bd3 O-O 8. O-O d5 9. exd5 cxd5 10. Bg5 c6 11. Qf3 Be7 12. Rae1 Be6 13. Ne2 h6 14. Bf4 c5 15. c3 Qb6 16. b3 a5 17. Be5 Nd7 18. Bf4 a4 19. Qg3 Kh8 20. Bc7 Qb7 21. Nf4 Nf6 22. Rxe6 fxe6 23. Ng6+ Kg8 24. Nxe7+ Kf7 25.
Ng6 Rfc8 26. Be5 axb3 27. axb3 Qxb3 28. Nf4 g5 29. Nh5 Nxh5 30. Qf3+ Nf4 31. g3 c4 32. Bb1 Ra1 33. Bg6+ Kxg6 34. Rxa1 Nh5 35. Ra7 Qb1+ 36. Kg2 Qe4 37. g4 Nf4+ 38. Bxf4 gxf4 39. Ra6 Kf6 40. h3 Ke5 41. Ra7 Rb8 42. Qxe4+ Kxe4 43. Rh7 d4 44. cxd4 Rc8 45. Re7 c3 46. Rxe6+ Kd3 47. Re1 c2 48. Kf3 c1=Q 49. Rxc1 Rxc1 50. Kxf4 Kxd4 51. Kf5 Rf1 52. f4 Ke3 53. Kg6 Kxf4 54. Kxh6 Rh1 55. g5 Rxh3+ 56. Kg6 Rg3 57. Kf6 Rxg5 58. Ke6 Kg4 59. Kf6 Rf5+ 60. Ke6 Kf4 61.
Kd6 Ke4 62. Kc6 Rd5 63. Kc7 Kd4 64. Kb6 Kc4 65. Kc6 Kd4 66. Kc7 Ke5 67. Kb6 Ke6 68. Kc6 Re5 0-1

[Event "*** Titled Tuesday Blitz"]
[Site "Chess.com"]
[Date "2020.04.28"]
[Round "8"]
[White "Danesz22"]
[Black "JoakimVonAnd"]
[Result "0-1"]
[WhiteElo "2301"]
[BlackElo "2513"]
[TimeControl "180+1"]
[EndTime "11:36:27 PDT"]
[Termination "JoakimVonAnd won by resignation"]

1. e4 c6 2. d4 d5 3. e5 Bf5 4.
h4 h5 5. Bd3 Bxd3 6. Qxd3 e6 7.
Bg5 Qb6 8. Nd2 c5 9. c4 Nc6 10. cxd5 exd5 11. Ne2 c4 12. Qf3 Nxd4 13. Nxd4 Qxd4 14.
O-O Be7 15. Rfe1 Rd8 16. Rad1 Qg4 17. Qe3 Bxg5 18. hxg5 Ne7 19. Qxa7 h4 20. Nf1 h3 21. Ng3 Nf5 22. e6 h2+ 23. Kh1 Qxg3 24. Qa4+ Ke7 25.
exf7+ Kxf7 26. Qc2 Qxg5 27. Re5 g6 28. Rde1 Rhe8 29.
Qc3 Rxe5 30. Qxe5 Qf6 31. Qc7+ Kg8 32. Qxb7 Rf8 33. a4 Nh4 34. Qxd5+ Kh7 35. Qxc4 Qxf2 36. Qe4 Nxg2 37. Qe7+ Kh6 38. Qxf8+ Qxf8 39. Kxg2 Qa8+ 40. Kxh2 Qxa4 41. Re2 Qb3 42. Rg2 g5 43. Kg1 Kh5 44.
Rh2+ Kg4 45. Rg2+ Kf5 46. Rf2+ Kg6 47. Kf1 g4 48. Re2 Kg5 49. Ke1 g3 50. Rd2 Kg4 51. Re2 Kh3 52. Kd2 g2 53. Re3+ Qxe3+ 54. Kxe3 g1=Q+ 55. Kd3 Qb6 0-1

[Event "*** Titled Tuesday Blitz"]
[Site "Chess.com"]
[Date "2020.04.28"]
[Round "8"]
[White "vaishali2001"]
[Black "PowerThinking2650"]
[Result "1-0"]
[WhiteElo "2505"]
[BlackElo "2267"]
[TimeControl "180+1"]
[EndTime "11:36:27 PDT"]
[Termination "vaishali2001 won on time"]

1. e4 e5 2. Nf3 Nc6 3. Bb5 a6 4. Ba4 Nf6 5. d3 b5 6. Bb3 Bc5 7. Nc3 d6 8. Nd5 h6 9. c3 Be6 10. O-O Bxd5 11. exd5 Ne7 12. d4 exd4 13. Nxd4 O-O 14.
Qf3 Bxd4 15. cxd4 Qd7 16. Bxh6 Qf5 17. Qxf5 Nxf5 18. Bg5 Nxd4 19. Bxf6 gxf6 20. Rfd1 Nxb3 21. axb3 Rfe8 22. Rd2 a5 23. g3 Re4 24. Rc1 Rb4 25.
Rxc7 Rxb3 26. Rc6 a4 27. Rxd6 b4 28. Rb6 a3 29. bxa3 Raxa3 30. d6 Rd3 31. Rb8+ Kg7 32. Rxd3 Rxd3 33. Rxb4 Rxd6 34. Kg2 f5 35. Rb5 Kg6 36. Kf3 Rd3+ 37. Kf4 Rd4+ 38. Ke3 Re4+ 39. Kf3 Rd4 40. h4 f6 41. Rb6 Rd3+ 42. Ke2 Rc3 43. Rd6 Ra3 44.
Rd3 Ra2+ 45. Kf3 Ra4 46. Ke3 f4+ 47. gxf4 Kf5 48. Rd5+ Kg6 49. Kf3 Ra1 50. h5+ Kh6 51. Kg4 1-0

[Event "*** Titled Tuesday Blitz"]
[Site "Chess.com"]
[Date "2020.04.28"]
[Round "8"]
[White "smshk35"]
[Black "GMNeiksans"]
[Result "0-1"]
[WhiteElo "2372"]
[BlackElo "2778"]
[TimeControl "180+1"]
[EndTime "11:36:27 PDT"]
[Termination "GMNeiksans won by resignation"]

1. e4 c5 2. Nf3 e6 3. d3 Nc6 4.
g3 Nf6 5. Bg2 d5 6. Nbd2 g6 7.
O-O Bg7 8. c3 O-O 9. a4 b6 10.
Re1 Ba6 11. Qc2 dxe4 12. dxe4 Bd3 13. Qb3 Na5 14. Qa3 c4 15. Bf1 Bxf1 16. Kxf1 Rc8 17. e5 Nd7 18. Qd6 Nc5 19. Ne4 Nab3 20. Rb1 Nxe4 21.
Rxe4 Qe8 22. Bg5 Qxa4 23. Bf6 Qc6 24. Qxc6 Rxc6 25. Rd1 Rc7 26. Nd4 Nc5 27. Re3 Rd7 28. Bxg7 Kxg7 29. Ke2 Rfd8 30. Rb1 Nb3 31. Nxb3 cxb3 32.
Kf3 Rd2 33. Re2 R8d3+ 34. Re3 Rxe3+ 35. Kxe3 Rc2 36. h4 a5 37. f3 a4 38. Kd3 Rf2 39. Ke3 Rc2 40. Kd3 h5 41. c4 Kf8 42. Ra1 Rxb2 43. Rxa4 Rg2 44. Rb4 Rxg3 45. Ke3 Rh3 46. Rxb3 Rxh4 47. Kd3 Rf4 48. Rxb6 Rxf3+ 49. Kd4 Rf1 50. c5 Rc1 51. Rb4 h4 52. Rb8+ Kg7 53. Rb3 g5 54. Rc3 Rxc3 55. Kxc3 h3 56. c6 h2 57. c7 h1=Q 58. c8=Q 0-1

[Event "*** Titled Tuesday Blitz"]
[Site "Chess.com"]
[Date "2020.04.28"]
[Round "8"]
[White "ElGasanov"]
[Black "BillieKimbah"]
[Result "0-1"]
[WhiteElo "2731"]
[BlackElo "2856"]
[TimeControl "180+1"]
[EndTime "11:36:28 PDT"]
[Termination "BillieKimbah won on time"]

1. Nf3 Nf6 2. d4 g6 3. Bg5 Bg7 4. e3 O-O 5. Be2 d6 6. O-O b6 7. c4 Bb7 8. Nc3 Nbd7 9. Qc2 e6 10. Rfd1 h6 11. Bh4 g5 12. Bg3 Nh5 13. Nd2 Nxg3 14. hxg3 Qe7 15. Bf3 c6 16. b4 Rfc8 17. b5 Nf6 18.
bxc6 Bxc6 19. Qb3 Bxf3 20. gxf3 Rc6 21. Rac1 Rac8 22. a4 h5 23. Kg2 g4 24. Ne2 e5 25.
Qd3 gxf3+ 26. Kxf3 Qe6 27. d5 Qg4+ 28. Kg2 R6c7 29.
f3 Qg5 30. Rh1 Bh6 31. Kf2 a6 32. Ne4 Nxe4+ 33. Qxe4 f5 34. Qd3 Bg7 35. f4 Qg6 36.
Qb3 Rb8 37. Rc2 Bf6 38. Ng1 e4 39. Ne2 Qg4 40. Rf1 h4 41. Ke1 hxg3 42. Rg1 Bh4 43. Kd2 Rg7 44. Qa3 Rd8 45. Rb2 g2 46.
Rxb6 Bf2 47. Rxd6 Rf8 48. Rb1 Qf3 49. Re6 g1=Q 50. Nxg1 Bxg1 0-1

[Event "*** Titled Tuesday Blitz"]
[Site "Chess.com"]
[Date "2020.04.28"]
[Round "8"]
[White "icychess54"]
[Black "MathiasWomacka"]
[Result "0-1"]
[WhiteElo "2266"]
[BlackElo "2439"]
[TimeControl "180+1"]
[EndTime "11:36:28 PDT"]
[Termination "MathiasWomacka won by resignation"]

1. c4 c5 2. Nf3 Nf6 3. Nc3 e6 4. d4 cxd4 5. Nxd4 Bb4 6. Qc2 Nc6 7. e3 O-O 8. Be2 Nxd4 9. exd4 d5 10. c5 b6 11. c6 Ne4 12. Bf4 Qf6 13. Be3 e5 14. dxe5 Qxe5 15. O-O Bf5 16. Nxe4 Bxe4 17. Qb3 Bd6 18. g3 d4 19. Bf4 Qf6 20. Bf3 Bxf3 21. Qxf3 Bxf4 22. gxf4 Rac8 23. Rac1 Rfd8 24. Kh1 Rc7 25.
Rfd1 Rd6 26. Rc4 Rcxc6 27. Rxc6 Rxc6 28. Qd5 g6 29. Qxd4 Qxd4 30. Rxd4 Rc2 31. Ra4 Rxf2 32. Rxa7 Rxf4 33. Rb7 Rb4 34. b3 Kg7 35. Kg2 g5 36. Kf3 h5 37. Ke3 Kg6 38. Kd3 f6 39. Kc3 Rh4 40.
Rxb6 Rxh2 41. a4 Ra2 42. Rb8 h4 43. Kb4 h3 44. Rh8 g4 45. a5 f5 46. Kb5 f4 47.
a6 f3 48. Kb6 f2 49. Rf8 g3 50.
Rf3 Kh5 51. Rxg3 f1=Q 52. Rc3 Qf6+ 53. Rc6 Qxc6+ 54. Kxc6 Rxa6+ 55. Kb7 Ra3 0-1

[Event "*** Titled Tuesday Blitz"]
[Site "Chess.com"]
[Date "2020.04.28"]
[Round "8"]
[White "Alexa797"]
[Black "troisi"]
[Result "1-0"]
[WhiteElo "2339"]
[BlackElo "2155"]
[TimeControl "180+1"]
[EndTime "11:36:28 PDT"]
[Termination "Alexa797 won by checkmate"]

1. d4 Nf6 2. c4 e6 3. Nc3 d5 4.
Nf3 a6 5. Bg5 c6 6. e3 Bd6 7.
Be2 Nbd7 8. O-O O-O 9. e4 dxe4 10. Nxe4 Be7 11. Ng3 h6 12. Bf4 Nb6 13. Qc2 c5 14.
Rfd1 cxd4 15. Nxd4 Qe8 16. Bf3 Nfd7 17. Re1 Bf6 18. Rad1 e5 19. Ndf5 Qe6 20. b3 exf4 21. Rxe6 fxe6 22. Nxh6+ gxh6 23. Qg6+ Bg7 24. Nh5 Rf7 25.
Qxe6 Nf8 26. Qxb6 Be6 27. Re1 Re8 28. c5 Bc3 29. Rd1 Nd7 30. Qa7 Ne5 31. Be4 Bg4 32.
Bd5 Bxh5 33. Bxf7+ Bxf7 34. Qxb7 Ng6 35. c6 Ne7 36. c7 Be5 37. Rd8 Bxc7 38. Qxc7 Nd5 39. Rxe8+ Bxe8 40. Qe5 Bf7 41. h4 Kf8 42. Qd6+ Kg7 43. Qxa6 h5 44. Qb5 Be6 45. a4 Kf6 46. a5 Nc3 47. Qc5 Ne2+ 48. Kh2 f3 49. gxf3 Nf4 50.
Qd4+ Kf5 51. Qe4+ Kf6 52. Qxf4+ Bf5 53. a6 Kg6 54. Qg5+ Kf7 55. Qxf5+ Ke7 56. Qxh5 Kd6 57. Qg5 Kc7 58. h5 Kb6 59. h6 Ka7 60. h7 Kb6 61.
h8=Q Ka7 62. Qhh6 Ka8 63. Qgg7 Kb8 64. Qhh8# 1-0

[Event "*** Titled Tuesday Blitz"]
[Site "Chess.com"]
[Date "2020.04.28"]
[Round "8"]
[White "IAgrest"]
[Black "DrBergerBerger"]
[Result "0-1"]
[WhiteElo "2274"]
[BlackElo "2444"]
[TimeControl "180+1"]
[EndTime "11:36:29 PDT"]
[Termination "DrBergerBerger won by resignation"]

1. e4 e6 2. d4 d5 3. Nc3 Nf6 4. Bg5 dxe4 5. Nxe4 Nbd7 6. Nf3 Be7 7. Nxf6+ Bxf6 8. h4 O-O 9. Bd3 c5 10. Qe2 cxd4 11.
O-O-O e5 12. Rde1 Re8 13. Nxd4 Nc5 14. Bb5 Bxg5+ 15. hxg5 Qxg5+ 16. Kb1 Be6 17. Bxe8 exd4 18. Bb5 Qd5 19. b3 Rc8 20. Bc4 Qf5 21. Bxe6 Nxe6 22. Qe4 Qxe4 23. Rxe4 g6 24. Rd1 Kg7 25. Kb2 h5 26. g3 Kf6 27. Rde1 Rc5 28. a4 a5 29. Rd1 b6 30. Rd3 Rf5 31. Re2 Kg5 32. c3 dxc3+ 33. Kxc3 Kg4 34. Rd7 Kf3 35. Rdd2 Rc5+ 36.
Kb2 g5 37. Re3+ Kg4 38. Re4+ Kh3 39. Re3 Rf5 40. Rc3 g4 41. Re3 Ng5 42. Rd7 Rxf2+ 43.
Kc3 Nf3 44. Ree7 Kxg3 45. Rxf7 h4 46. Rh7 h3 47. Rdg7 h2 48. Rh6 Rf1 49. Rgh7 Kg2 50.
Rg7 g3 51. Rgh7 h1=Q 52. Rxh1 Rxh1 53. Rg7 Kf2 54. Rg6 g2 0-1

[Event "*** Titled Tuesday Blitz"]
[Site "Chess.com"]
[Date "2020.04.28"]
[Round "8"]
[White "Two_Towers_Krakow"]
[Black "giantslayer83"]
[Result "1/2-1/2"]
[WhiteElo "2477"]
[BlackElo "2679"]
[TimeControl "180+1"]
[EndTime "11:36:32 PDT"]
[Termination "Game drawn - insufficient material"]

1. d4 Nf6 2. Nf3 g6 3. g3 Bg7 4. Bg2 O-O 5. O-O c5 6. c3 d6 7. dxc5 dxc5 8. Qxd8 Rxd8 9. Be3 Na6 10. Na3 Be6 11.
Ng5 Bd5 12. Rfd1 h6 13. Nf3 b6 14. h3 Nc7 15. Ne5 Bxg2 16. Kxg2 Rdc8 17. Nd7 Nfd5 18. Bf4 e6 19. Be5 Rd8 20. Bxg7 Kxg7 21. Ne5 g5 22. e4 Ne7 23. Nac4 f6 24. Nf3 Nc6 25. a4 Kf7 26.
Kf1 Ke7 27. Ke2 Rxd1 28. Rxd1 Rg8 29. Nfd2 h5 30. Nf1 Rb8 31. Nfe3 a6 32. a5 bxa5 33. Ra1 Rb5 34. Kd3 Ne8 35. Kc2 Nd6 36. Nxd6 Kxd6 37. Nc4+ Ke7 38. Ra4 g4 39. hxg4 hxg4 40. b3 f5 41.
exf5 exf5 42. Ne3 Ke6 43. Rf4 Ne7 44. Ra4 Nd5 45. Nc4 Nf6 46. Nd2 Ke5 47. Nc4+ Kd5 48. Nxa5 Ke6 49. Nc4 Ne4 50. Ne3 Nxf2 51. Rxa6+ Ke5 52. Ra8 Ke4 53. Re8+ Kf3 54. Nxf5 Ne4 55.
Rg8 Nxg3 56. Nh4+ Kf4 57. Rf8+ Kg5 58. Ng2 Rb6 59. Rg8+ Rg6 60. Rxg6+ Kxg6 61. Ne3 Kg5 62. Kd3 Nf5 63. Nxg4 Kxg4 64. b4 cxb4 65. cxb4 Nd6 66. Kd4 Kf5 67. Kd5 Nb5 68. Kc5 Na3 69. b5 Nxb5 1/2-1/2